 Dungeon Crawl Stone Soup version 0.17-a0-1650-gce8475a (webtiles) character file.

91 LilCorpsy the Sneak (level 4, -9/39 HPs)
             Began as a Naga Assassin on Aug 13, 2015.
             Mangled by a wight
             ... wielding a +0 long sword
              (11 damage)
             ... on level 3 of the Dungeon.
             The game lasted 00:07:22 (1694 turns).

LilCorpsy the Sneak (Naga Assassin)                 Turns: 1694, Time: 00:07:22

Health: -9/39      AC:  8    Str: 14    XL:     4   Next: 59%
Magic:  4/4        EV:  7    Int: 11    God:
Gold:   68         SH:  0    Dex: 13    Spells: 0 memorised, 3 levels left

rFire  . . .     SeeInvis +     a - +3 dagger
rCold  . . .     Clarity  .     c - +0 robe
rNeg   . . .     SustAt   .     (no shield)
rPois  +         Gourm    .     j - +0 helmet
rElec  .         Spirit   .     d - +0 cloak
rCorr  .         Warding  .     (no gloves)
rMut   .         Stasis   .     n - +0 naga barding
MR     .....                    (no amulet)
Stlth  ++++......               (no ring)
                                (no ring)

@: flying, drained, very slow, not resistant to hostile enchantments, stealthy
A: fangs 1, see invisible, deformed body, poison resistance, slowness 2, slow
metabolism 1, spit poison 2, AC +1
a: Spit Poison


You were on level 3 of the Dungeon.
You were not hungry.

You visited 1 branch of the dungeon, and saw 3 of its levels.

You collected 68 gold pieces.

Inventory:

Hand weapons
 a - a +3 dagger (weapon)
 b - a +0 blowgun
Missiles
 e - 8 poisoned needles
 f - 2 curare-tipped needles
Armour
 c - a +0 robe (worn)
 d - a +0 cloak (worn)
 j - a +0 helmet (worn)
 n - a +0 naga barding (worn)
Magical devices
 i - a wand of magic darts (46)
Scrolls
 o - 3 scrolls of identify
 u - 2 scrolls of remove curse
 x - a scroll of recharging
Potions
 k - a potion of curing
Comestibles
 g - 2 bread rations
 s - a meat ration


   Skills:
 - Level 2.0(1.4) Fighting
 * Level 3.4(2.8) Short Blades
 - Level 1.7(1.2) Throwing
 - Level 0.7(0.2) Dodging
 * Level 7.7(7.1) Stealth


You had 3 spell levels left.
You didn't know any spells.

Dungeon Overview and Level Annotations

Branches:
Dungeon (3/15)

Altars:


Innate Abilities, Weirdness & Mutations

You cannot wear boots.
Your serpentine skin is tough (AC +1).
You have supernaturally acute eyesight.
Armour fits poorly on your strangely shaped body.
Your system is resistant to poisons.
You cover ground very slowly.
You have a slow metabolism.
You can spit poison.
You have very sharp teeth.


Message History

You hit the wight but do no damage.
The wight is lightly damaged.
The wight barely misses you.
You hit the wight but do no damage.
The wight is lightly damaged.
The wight barely misses you.
You closely miss the wight.
The wight is lightly damaged.
You barely miss the wight.
The wight is lightly damaged.
You have got your breath back.
The wight hits you with a long sword!
You feel drained.
You hit the wight.
The wight is moderately damaged.
The wight hits you with a long sword. The wight hits you with a long sword!
* * * LOW HITPOINT WARNING * * *
You see here a hunting sling.
The wight hits you with a long sword!
You die...

... ... #.# ...
##### #.# #.#
#.... #.#
#.###.... #.#
#.##.....
###.######.##.....
#†.........##.#.#.
#.#...........#.#.
#@#####.......#.##
#z# #.#####.#.#
#z# #.# #.#.# #z#
... #.#.# #.# ....
#.#.# #.# ......
#.# #.#....... .#
#.#..... #.#


You could see 3 wights.

Vanquished Creatures
  An adder (D:2)
  3 gnolls (D:2)
  An ooze (D:2)
  A worm (D:2)
  4 giant geckos
  An orc (D:3)
  3 bats
  A giant cockroach (D:2)
  4 goblins (D:1)
  4 hobgoblins
  2 quokkas
  5 giant newts
  8 kobolds
  7 rats
45 creatures vanquished.

Notes
Turn   | Place    | Note
--------------------------------------------------------------
     0 | D:1      | LilCorpsy the Naga Assassin began the quest for the Orb.
     0 | D:1      | Reached XP level 1. HP: 19/19 MP: 1/1
    13 | D:1      | Reached skill level 6 in Stealth
   187 | D:1      | Reached XP level 2. HP: 20/26 MP: 2/2
   810 | D:2      | Reached XP level 3. HP: 32/32 MP: 3/3
   916 | D:2      | Reached skill level 7 in Stealth
  1090 | D:2      | Reached XP level 4. HP: 39/39 MP: 4/4
  1301 | D:2      | Gained mutation: Potions and wands are less effective at restoring your health. [potion of mutation]
  1301 | D:2      | Gained mutation: You have very sharp teeth. [potion of mutation]
  1303 | D:2      | Lost mutation: Potions and wands are less effective at restoring your health. [potion of cure mutation]
  1691 | D:3      | HP: 1/39 [wight/long sword (11)]
  1694 | D:3      | Mangled by a wight

Vault maps used:
D:1:      minmay_arrival_checkered_box, hangedman_glass_garden,
          minmay_misc_feat_nine_boxes
D:3:      first_bread

Action                   |  1- 3 |  4- 6 || total
-------------------------+-------+-------++-------
Melee: Dagger            |    83 |    43 ||   126
 Abil: Spit Poison       |     2 |     3 ||     5
Evoke: Wand              |       |     1 ||     1
  Use: Scroll            |     6 |     3 ||     9
       Potion            |     5 |     6 ||    11
 Stab: Sleeping          |    10 |     9 ||    19
  Eat: Meat ration       |       |     1 ||     1
